 Dungeon Crawl Stone Soup version 0.31-a0-986-g5e6e4ef867 (webtiles) character file.

Game seed: 1664313384860076032

2403 Whiskey the Mimic (level 9, -2/75 (88) HPs)
             Began as a Troll Shapeshifter on Nov 13, 2023.
             Was a Believer of Qazlal.
             Slain by a sky beast (6 damage)
             ... on level 6 of the Dungeon.
             The game lasted 00:09:30 (5270 turns).

Whiskey the Mimic (Troll Shapeshifter)              Turns: 5270, Time: 00:09:31

HP:   -2/75 (88)    AC:  4    Str: 24    XL:     9   Next: 23%
MP:   11/11         EV:  9    Int: 10    God:    Qazlal [**....]
Gold: 499           SH:  3    Dex:  9    Spells: 8/8 levels left

rFire   . . .        h - +8 whip "Orb Guardian's Peril" {holy, rPois}
rCold   . . .        (no shield)
rNeg    . . .        a - +0 animal skin
rPois   +            (helmet currently unavailable)
rElec   .            (cloak currently unavailable)
rCorr   .            (gloves unavailable)
SInv    .            (boots unavailable)
Will    .....        (no amulet)
Stlth   +            (no ring)
HPRegen 1.12/turn    (no ring)
MPRegen 0.12/turn

%: no passive effects
@: beast-form, heavily drained
A: beast (slay +4), large, unfitting armour, claws 3, regeneration 1, shaggy fur
1, tough skin 1
a: Begin Untransformation, Renounce Religion, Upheaval


You were on level 6 of the Dungeon.
You worshipped Qazlal.
Qazlal was pleased with you.
You were a hulking beast.
You visited 2 branches of the dungeon, and saw 8 of its levels.

You collected 499 gold pieces.

Inventory:

Hand Weapons
 h - the +8 whip "Orb Guardian's Peril" (weapon) {holy, rPois}
   (You found it on level 2 of the Dungeon)

   rPois:     It protects you from poison
 D - a +0 dagger of venom
   (You took it off a kobold brigand on level 6 of the Dungeon)
Missiles
 E - a curare-tipped dart
 F - a throwing net {=f, !d}
Armour
 a - a +0 animal skin (worn)
 m - a +0 robe
   (You took it off Sigmund on level 2 of the Dungeon)
 s - a +0 animal skin
   (You took it off Robin on level 4 of the Dungeon)
 v - a +0 robe
   (You took it off an orc wizard on level 4 of the Dungeon)
 w - a +0 robe
   (You took it off a wight on level 5 of the Dungeon)
 x - a +0 robe
   (You took it off a wight on level 5 of the Dungeon)
 C - a +0 robe
   (You took it off an orc wizard on level 6 of the Dungeon)
Talismans
 c - a beast talisman
 d - a flux talisman
Wands
 G - a wand of charming (9)
   (You found it on level 7 of the Dungeon)
Scrolls
 e - 2 scrolls of immolation {unknown}
 f - 3 scrolls of vulnerability {unknown}
 i - 4 scrolls of blinking {unknown}
 j - 3 scrolls of enchant armour {unknown}
 k - 2 scrolls of amnesia {unknown}
 n - a scroll of torment {unknown}
 q - 9 scrolls of identify {unknown}
 y - a scroll of enchant weapon {unknown}
 z - 3 scrolls of teleportation {unknown}
 B - a scroll of butterflies {unknown}
Potions
 b - 3 potions of lignification {!q}
 g - a potion of degeneration {!q}
 l - a potion of cancellation {unknown}
 o - 2 potions of ambrosia {unknown}
 p - a potion of heal wounds {unknown}
 r - 2 potions of resistance {unknown}
 t - 2 potions of haste {unknown}
 u - a potion of brilliance {unknown}
 A - 2 potions of curing {unknown}


   Skills:
 + Level 5.2 Fighting
 - Level 1.5 Dodging
 - Level 3.4 Unarmed Combat
 + Level 4.3 Invocations
 * Level 9.1 Shapeshifting


You had 8 spell levels left.
You didn't know any spells.
Your spell library contained the following spells:

 Spells                   Type           Power      Damage    Failure   Level
 Wereblood                Tmut           0%         N/A       50%         2
 Summon Ice Beast         Ice/Summ       0%         N/A       98%         4
 Irradiate                Conj/Tmut      0%         3d11      100%        5
 Summon Mana Viper        Hex/Summ       0%         N/A       100%        5
 Monstrous Menagerie      Summ           0%         N/A       100%        7


Dungeon Overview and Level Annotations

Branches:
Dungeon (7/15)             Temple (1/1) D:4

Altars:
Ashenzari
Cheibriados
Dithmenos
Elyvilon
Fedhas
Gozag
Hepliaklqana
Kikubaaqudgha
Makhleb
Nemelex Xobeh
Okawaru
Qazlal
Ru
Sif Muna
Uskayaw
Vehumet
Wu Jian
Xom
Zin
The Shining One


Innate Abilities, Weirdness & Mutations

You are a hulking beast.
Your limbs bulge with bestial killing power. (Slay +4)
You are too large for most types of armour.
You have claws for hands.
Your natural rate of healing is unusually fast.
You are covered in fur. (AC +1)
You have tough skin. (AC +1)


Message History

A wight comes into view. It is wielding a +0 halberd.
The orc barely misses you.
An orc comes into view. It is wielding a +0 war axe.
The wight hits you with a +0 hand axe.
You feel drained.
You closely miss the wight. The wight barely misses you.
The orc hits you with a +0 club. The wight hits you with a +5 mace!
You feel drained.
You take 10 damage, and have 76/85 hp.
You completely miss the wight. The wight hits you with a +5 mace.
The wight hits you with a +0 hand axe. The wight hits you with a +5 mace!
The wight hits you with a +0 hand axe.
You feel drained.
You take 21 damage, and have 55/84 hp.
MASSIVE DAMAGE!!
You regained 2 hp, and now have 57/84 hp.
You hit the wight but do no damage. You block the wight's attack.
You barely miss the wight. The wight hits you with a +5 mace!
You feel drained.
You take 10 damage, and have 48/82 hp.
You closely miss the wight.
A necrophage comes into view.
You completely miss the wight. The wight closely misses you.
You block the wight's attack.
The orc wizard gestures wildly while chanting.
The orc wizard flickers and vanishes!
Deactivating autopickup; reactivate with Ctrl-A.
You regained 2 hp, and now have 51/82 hp.
You hear an angry hiss.
The wight attacks as it pursues you! The wight hits you with a +0 hand axe.
You feel drained.
You take 7 damage, and have 44/80 hp.
The wight attacks as it pursues you! The wight misses you.
The wight attacks as it pursues you! The wight closely misses you.
You regained 2 hp, and now have 51/80 hp.
The wight attacks as it pursues you! The wight barely misses you.
A sky beast comes into view.
The wight is engulfed in freezing vapours.
Found a stone staircase leading up.
The wight is engulfed in freezing vapours.
The wight attacks as it pursues you! The wight hits you with a +5 mace!
You feel drained.
You take 9 damage, and have 49/78 hp.
The sky beast closely misses you.
The sky beast attacks as it pursues you!
The sky beast hits you but does no damage.
You are confused.
The sky beast attacks as it pursues you!
The sky beast hits you. The sky beast shocks you.
You take 7 damage, and have 44/78 hp.
A puff of flame appears from out of thin air!
The puff of flame misses you. The wight attacks as it pursues you!
The wight closely misses you.
The sky beast attacks as it pursues you!
The sky beast hits you. The sky beast shocks you.
You take 7 damage, and have 40/78 hp.
You regained 2 hp, and now have 42/78 hp.
You bump into the rock wall.
You feel less confused. The sky beast hits you. The sky beast shocks you.
The wight hits you with a +5 mace!
* * * LOW HITPOINT WARNING * * *
You feel drained.
* * * LOW HITPOINT WARNING * * *
You take 23 damage, and have 19/75 hp.
MASSIVE DAMAGE!!
The sky beast flickers out of sight!
Something hits you but does no damage.
You regained 2 hp, and now have 27/75 hp.
There is a stone staircase leading up here.
You block something's attack.
You climb upwards.
Reactivating autopickup.
There is a stone staircase leading down here.
You regained 3 hp, and now have 32/75 hp.
Deactivating autopickup; reactivate with Ctrl-A.
You miss something. Something hits you. Something shocks you.
You take 5 damage, and have 27/75 hp.
You whack something! Something hits you. Something shocks you.
* * * LOW HITPOINT WARNING * * *
You take 7 damage, and have 20/75 hp.
You closely miss something. Something hits you.
* * * LOW HITPOINT WARNING * * *
Something shocks you.
* * * LOW HITPOINT WARNING * * *
You take 6 damage, and have 14/75 hp.
You barely miss something. Something hits you.
* * * LOW HITPOINT WARNING * * *
Something shocks you.
* * * LOW HITPOINT WARNING * * *
You take 5 damage, and have 9/75 hp.
You whack something!
A sky beast appears from thin air!
Reactivating autopickup.
The sky beast hits you.
* * * LOW HITPOINT WARNING * * *
The sky beast shocks you.
* * * LOW HITPOINT WARNING * * *
You take 6 damage, and have 3/75 hp.
You hit the sky beast. The sky beast misses you.
You miss the sky beast.
The sky beast hits you but does no damage.
The sky beast hits you.
* * * LOW HITPOINT WARNING * * *
The sky beast shocks you.
You die...

#.##.# ##.##
#.##.# #.# #.##.#
###†####### #.##.#
#..........
###.##.#
#.#.#######
##8#####.#
########.#.#
.'._⌠# #.#
#.§......#.# ###
.'._⌠# #.###
#Y########.# #..
##8#####...# #h#
####.# #.#
#####.####÷# ##.#
#....# #.#
......####.####..#
#.[..# #.#
..###.........#.##
####.# #.# ..#
#..###.##.#.# #.#
#.#
..###..###.##.#.#
#.# #.#
.........).##.#.#
#.# #[#
.#####.######.#.#
#.# #.# ## #.#
#.#.#
#######.#####.#


You could see a sky beast.

Vanquished Creatures
  Sigmund (D:2)
  4 sky beasts
  2 ogres
  A black bear (D:4)
  An orc warrior (D:4)
  A phantom (D:6)
  2 bullfrogs
  A kobold brigand (D:6)
  3 scorpions (D:5)
  3 wights (D:5)
  4 electric eels (D:6)
  2 hounds
  3 orc priests
  A gnoll bouda (D:6)
  A jelly (D:6)
  4 iguanas
  A sleepcap (D:6)
  2 orc wizards
  Robin (D:4)
  13 gnolls
  12 adders
  2 shadow imps
  A white imp (D:6)
  2 ufetubi (D:5)
  A worm (D:2)
  2 dart slugs
  14 orcs
  5 bats
  12 endoplasms
  3 giant cockroaches
  11 goblins
  8 hobgoblins
  4 jackals (D:3)
  14 kobolds
  4 quokkas
  8 ball pythons
  2 frilled lizards
  10 rats
166 creatures vanquished.

Notes
Turn   | Place    | Note
-------+----------+-------------------------------------------
     0 | D:1      | Whiskey the Troll Shapeshifter began the quest for the Orb.
     0 | D:1      | Reached XP level 1. HP: 18/18 MP: 0/0
    89 | D:1      | Reached XP level 2. HP: 26/26 MP: 1/1
   105 | D:1      | Found a faded altar of an unknown god.
   688 | D:1      | Reached XP level 3. HP: 32/32 MP: 2/2
   848 | D:2      | Identified the +8 whip "Orb Guardian's Peril" {holy, rPois}
   910 | D:2      | Reached skill level 1 in Fighting
   921 | D:2      | Reached skill level 4 in Shapeshifting
  1040 | D:2      | Reached XP level 4. HP: 36/41 MP: 3/3
  1118 | D:2      | Noticed Sigmund
  1129 | D:2      | HP: 8/41 [Sigmund/+0 scythe (7)]
  1135 | D:2      | Killed Sigmund
  1135 | D:2      | HP: 8/41 [frozen (2)]
  1136 | D:2      | Reached skill level 2 in Fighting
  1136 | D:2      | Reached skill level 5 in Shapeshifting
  1136 | D:2      | Reached XP level 5. HP: 10/50 MP: 4/4
  1608 | D:3      | Reached XP level 6. HP: 55/59 MP: 5/5
  1640 | D:3      | Found a shadowy altar of Dithmenos.
  2041 | D:4      | Found a staircase to the Ecumenical Temple.
  2059 | D:4      | Noticed an orc warrior
  2067 | D:4      | Killed an orc warrior
  2068 | D:4      | Reached skill level 3 in Fighting
  2068 | D:4      | Reached skill level 6 in Shapeshifting
  2096 | Temple   | Entered the Ecumenical Temple
  2124 | Temple   | Became a worshipper of Qazlal Stormbringer
  2183 | D:4      | Noticed Robin
  2190 | D:4      | Killed Robin
  2218 | D:4      | Found a hide-covered altar of Uskayaw.
  2230 | D:4      | Reached XP level 7. HP: 47/67 MP: 6/6
  2351 | D:4      | Identified the +3 trident "Menioma" {heavy, Int+4 SInv}
  2460 | D:4      | Reached skill level 1 in Invocations
  2461 | D:4      | Reached * piety under Qazlal
  2584 | D:4      | Found an ornate altar of the Wu Jian Council.
  2875 | D:5      | Entered Level 5 of the Dungeon
  2999 | D:5      | Reached skill level 7 in Shapeshifting
  3000 | D:5      | HP: 13/68 [wight/+3 falchion of freezing (7)]
  3002 | D:5      | Reached skill level 2 in Invocations
  3268 | D:5      | Found a radiant altar of Vehumet.
  3322 | D:5      | Reached XP level 8. HP: 72/78 MP: 8/8
  3409 | D:5      | Reached skill level 4 in Fighting
  3976 | D:6      | Reached skill level 3 in Invocations
  4052 | D:6      | Reached skill level 8 in Shapeshifting
  4119 | D:6      | Reached ** piety under Qazlal
  4492 | D:6      | HP: 15/79 [gnoll/+0 spear[a gnoll bouda] (7)]
  4494 | D:6      | Reached XP level 9. HP: 18/87 MP: 10/10
  4630 | D:6      | Reached skill level 5 in Fighting
  4630 | D:6      | Reached skill level 4 in Invocations
  5007 | D:6      | Found a burning altar of Makhleb.
  5007 | D:6      | Found a sacrificial altar of Ru.
  5126 | D:7      | Reached skill level 9 in Shapeshifting
  5266 | D:6      | HP: 14/75 [something (5)]
  5268 | D:6      | HP: 3/75 [sky beast (6)]
  5270 | D:6      | Slain by a sky beast

Illustrated notes

Levels and vault maps discovered:
D:1:      ebering_trefoil_twist, layout_basic,
          ebering_ecumenical_altar_sacrificial, serial_forest,
          infiniplex_forest_end_2, infiniplex_forest_end_1,
          infiniplex_forest_fountain, infiniplex_forest_fountain,
          infiniplex_forest_clump_medium, infiniplex_forest_straight_2,
          st_stairs_13, hex_large, minmay_3d_cube
D:2:      layout_rooms, nicolae_concentric_dashed_squares_mild, uniq_sigmund
D:3:      layout_loops_cross, overflow_temple_1_default
D:4:      layout_loops_ring, mainiacjoe_overflow_brackets,
          nicolae_uskayaw_murder_on_the_dancefloor, temple_fountains,
          saegor_snake_ambush, uniq_robin
D:5:      layout_gridville, nicolae_vehumet_altar_sigil,
          chequers_serial_rivers_micro_a, grunt_decor_junction
D:6:      layout_loops_ring, gammafunk_temple_overflow_wave, serial_bayou_lake_a
D:7:      layout_cave_pools, lemuel_mausoleum_altar_yredelemnul
Temple:   jpeg_temple_clearing

Skill      XL: |  1  2  3  4  5  6  7  8  9 |
---------------+----------------------------+-----
Fighting       | 1 2 3 4 5 |  5.2
Shapeshifting  | 4 5 6 7 8 9 |  9.1
Invocations    | 2 3 4 |  4.3
Dodging        | |  1.5
Unarmed Combat | |  3.4

Action                     |  1- 3 |  4- 6 |  7- 9 || total
---------------------------+-------+-------+-------++-------
  Melee: Unarmed           |   126 |       |       ||   126
         Punch             |     4 |     1 |     3 ||     8
         Whip              |    28 |    90 |   252 ||   370
    Use: Potion            |       |     1 |       ||     1
 Armour: Animal skin       |    56 |    64 |   238 ||   358
  Dodge: Dodged            |    42 |    39 |   104 ||   185
  Block: Other             |       |       |    11 ||    11

Table legend: (Time is in decaauts)
 A = Elapsed time spent in this place.
 B = Non-inter-level travel time spent in this place.
 C = Inter-level travel time spent in this place.
 D = Time resting spent in this place.
 E = Time spent auto-exploring this place.
 F = Levels seen in this place.
 G = Mean time per level.
                   A        B        C        D        E       F      G
               +--------+--------+--------+--------+--------+-----+--------+
         Total |   5297 |   5093 |    204 |    328 |   3677 |   8 |  662.1 |
       Dungeon |   5240 |   5090 |    150 |    328 |   3677 |   7 |  748.6 |
        Temple |     56 |      2 |     54 |      0 |      0 |   1 |   56.0 |
               +--------+--------+--------+--------+--------+-----+--------+

Top non-repeatable levels by time:
     D:6: 1233 daAuts
     D:5: 988 daAuts
     D:1: 832 daAuts
     D:4: 802 daAuts
     D:3: 619 daAuts
     D:2: 571 daAuts
     D:7: 193 daAuts
  Temple: 56 daAuts

Levels and vault maps discovered:
D:1:      ebering_trefoil_twist, layout_basic,
          ebering_ecumenical_altar_sacrificial, serial_forest,
          infiniplex_forest_end_2, infiniplex_forest_end_1,
          infiniplex_forest_fountain, infiniplex_forest_fountain,
          infiniplex_forest_clump_medium, infiniplex_forest_straight_2,
          st_stairs_13, hex_large, minmay_3d_cube
D:2:      layout_rooms, nicolae_concentric_dashed_squares_mild, uniq_sigmund
D:3:      layout_loops_cross, overflow_temple_1_default
D:4:      layout_loops_ring, mainiacjoe_overflow_brackets,
          nicolae_uskayaw_murder_on_the_dancefloor, temple_fountains,
          saegor_snake_ambush, uniq_robin
D:5:      layout_gridville, nicolae_vehumet_altar_sigil,
          chequers_serial_rivers_micro_a, grunt_decor_junction
D:6:      layout_loops_ring, gammafunk_temple_overflow_wave, serial_bayou_lake_a
D:7:      layout_cave_pools, lemuel_mausoleum_altar_yredelemnul
Temple:   jpeg_temple_clearing

Table legend: (Time is in decaauts)
 A = Elapsed time spent in this place.
 B = Non-inter-level travel time spent in this place.
 C = Inter-level travel time spent in this place.
 D = Time resting spent in this place.
 E = Time spent auto-exploring this place.
 F = Levels seen in this place.
 G = Mean time per level.
                   A        B        C        D        E       F      G
               +--------+--------+--------+--------+--------+-----+--------+
         Total |   5297 |   5093 |    204 |    328 |   3677 |   8 |  662.1 |
       Dungeon |   5240 |   5090 |    150 |    328 |   3677 |   7 |  748.6 |
        Temple |     56 |      2 |     54 |      0 |      0 |   1 |   56.0 |
               +--------+--------+--------+--------+--------+-----+--------+

Top non-repeatable levels by time:
     D:6: 1233 daAuts
     D:5: 988 daAuts
     D:1: 832 daAuts
     D:4: 802 daAuts
     D:3: 619 daAuts
     D:2: 571 daAuts
     D:7: 193 daAuts
  Temple: 56 daAuts

Table legend:
 A = Kills in this place as a percentage of kills in the entire game.
 B = Kills by you in this place as a percentage of kills by you in the entire game.
 C = Kills by friends in this place as a percentage of kills by friends in the entire game.
 D = Other kills in this place as a percentage of other kills in the entire game.
 E = Experience gained in this place as a percentage of experience gained in the entire game.
 F = Experience gained in this place divided by the number of levels of this place that you have seen.
                   A       B       C       D       E      F
               +-------+-------+-------+-------+-------+----------------------
         Total | 100.0 | 100.0 |   N/A |   N/A | 100.0 | 429.1
       Dungeon | 100.0 | 100.0 |   N/A |   N/A | 100.0 | 490.4
               +-------+-------+-------+-------+-------+----------------------
